Map: Winter's Gate LE

Players

SKillous - Winner!

  • Race: Protoss Protoss
  • League: Master
  • Spawn Location: 11:00

riddle (THERIDDLER)

  • Race: Terran Terran
  • Spawn Location: 5:00

Event: NationWars 2019

VOD

Have the link to the VOD?

Description

Time

  • Played on: Nov. 15, 2019, 3:15 p.m.
  • Length: 9:44
Show
View Real Time Build Order
Export as new Build Order

SKillous Protoss - Winner!

Build Orders: 1 Gate Expand, Oracle Opening, Phoenix Opening 

Get SALT Encoding   

  12  0:00  Probe  
  13  0:13  Probe  
  14  0:18  Pylon  
  14  0:25  Probe  
  15  0:37  Probe (Chrono Boost), Gateway  
  16  0:47  Probe (Chrono Boost), Assimilator  
  17  0:52  Probe (Chrono Boost)  
  18  1:03  Probe  
  19  1:15  Probe  
  20  1:24  Cybernetics Core  
  20  1:33  Nexus  
  20  1:36  Probe  
  21  1:41  Pylon  
  21  1:47  Assimilator  
  21  1:49  Probe  
  22  1:58  Adept (Chrono Boost)  
  22  2:01  Probe  
  25  2:13  Probe  
  26  2:18  Adept (Chrono Boost)  
  28  2:25  Probe  
  28  2:30  Stargate  
  28  2:39  Probe (Chrono Boost)  
  28  2:40  Adept  
  28  2:41  Warp Gate  
  31  2:44  Probe (Chrono Boost)  
  33  2:54  Probe x2 (Chrono Boost)  
  34  2:59  Probe (Chrono Boost)  
  34  3:01  Probe  
  36  3:10  Oracle (Chrono Boost)  
  36  3:11  Probe  
  37  3:13  Probe  
  41  3:22  Gateway  
  41  3:24  Pylon, Gateway  
  41  3:27  Probe  
  42  3:29  Probe  
  43  3:39  Probe  
  43  3:40  Phoenix (Chrono Boost)  
  46  3:44  Probe, Shield Battery  
  47  3:51  Probe  
  48  3:56  Probe  
  48  3:59  Pylon  
  48  4:00  Phoenix (Chrono Boost)  
  51  4:03  Probe  
  51  4:09  Probe  
  53  4:15  Probe  
  54  4:20  Pylon  
  54  4:21  Phoenix (Chrono Boost), Shield Battery  
  57  4:28  Probe  
  57  4:30  Stalker x2, Probe  
  62  4:40  Probe  
  63  4:46  Nexus  
  63  4:47  Probe (Chrono Boost)  
  63  4:49  Pylon  
  64  4:59  Probe x2 (Chrono Boost)  
  65  5:03  Assimilator  
  65  5:05  Probe (Chrono Boost)  
  65  5:06  Probe (Chrono Boost)  
  67  5:09  Phoenix, Assimilator  
  69  5:15  Probe (Chrono Boost)  
  69  5:21  Probe (Chrono Boost), Twilight Council  
  71  5:22  Forge  
  71  5:27  Probe (Chrono Boost)  
  72  5:32  Pylon, Probe x2 (Chrono Boost)  
  74  5:41  Probe x2  
  76  5:45  Phoenix  
  75  5:51  Protoss Ground Armor Level 1 (Chrono Boost)  
  75  5:55  Charge (Chrono Boost)  
  75  5:56  Probe (Chrono Boost)  
  75  5:57  Probe (Chrono Boost)  
  77  5:59  Probe (Chrono Boost)  
  77  6:00  Pylon  
  78  6:09  Probe (Chrono Boost)  
  78  6:10  Phoenix  
  81  6:12  Gateway  
  81  6:13  Gateway  
  81  6:14  Gateway  
  81  6:17  Probe  
  80  6:21  Gateway  
  80  6:25  Gateway  
  80  6:27  Sentry x2  
  85  6:33  Pylon  
  85  6:35  Phoenix  
  86  6:45  Sentry  
  86  6:47  Probe  
  89  6:50  Pylon  
  89  6:53  Gateway  
  89  6:55  Gateway  
  89  6:58  Templar Archives  
  89  6:59  Zealot x2  
  93  7:07  Zealot  
  95  7:08  Zealot x2  
  95  7:11  Pylon  
  99  7:21  Zealot x2  
  99  7:22  Zealot x3  
  109  7:34  Zealot x3  
  113  7:40  Shield Battery  
  113  7:42  Shield Battery  
  113  7:46  Zealot x5  
  119  7:51  Zealot x2  
  119  7:55  Zealot x3  
  123  8:06  Zealot x5  
  119  8:13  Zealot x3  
  119  8:17  Zealot x2  
  119  8:22  Zealot  
  119  8:24  Probe  
  119  8:26  Pylon  
  122  8:27  Robotics Facility  
  122  8:31  Zealot x3  
  126  8:34  Pylon  
  126  8:37  Nexus  
  126  8:39  Pylon  
  126  8:43  Probe, High Templar  
  126  8:44  High Templar x2  
  126  8:45  High Templar x3  
  126  8:47  Probe  
  140  8:51  Archon x3  
  140  8:53  Probe  
  140  8:55  Probe  
  142  9:00  Probe  
  143  9:05  Probe  
  143  9:08  Zealot x4  
  152  9:16  Stalker x2  
  156  9:22  Zealot  
  154  9:24  Zealot  
  154  9:28  Pylon, Zealot  
  156  9:32  Pylon  
  156  9:33  Zealot  
  156  9:36  Zealot x2  
  156  9:37  Zealot x2  
Show
View Real Time Build Order
Export as new Build Order

riddle Terran 

Build Orders: Reaper Expand 

Get SALT Encoding   

  12  0:00  SCV  
  13  0:13  SCV  
  14  0:17  Supply Depot  
  14  0:25  SCV  
  15  0:38  SCV  
  15  0:39  Barracks  
  16  0:43  Refinery  
  16  0:50  SCV  
  17  1:02  SCV  
  18  1:15  SCV  
  19  1:27  Orbital Command, Reaper  
  20  1:40  Command Center  
  20  1:52  Supply Depot  
  20  1:53  SCV  
  21  1:59  Supply Depot, Marine  
  22  2:05  SCV  
  23  2:09  Factory  
  23  2:18  Refinery  
  23  2:20  SCV  
  24  2:24  Barracks Tech Lab  
  24  2:32  SCV  
  25  2:43  Marauder  
  27  2:44  SCV  
  28  2:55  Hellion  
  28  2:56  SCV  
  31  2:59  SCV, Starport  
  31  3:05  Marauder  
  34  3:11  Concussive Shells  
  34  3:12  Orbital Command  
  34  3:17  SCV  
  34  3:19  Hellion  
  37  3:26  Marauder  
  39  3:29  SCV  
  38  3:37  Medivac  
  38  3:39  SCV  
  41  3:41  SCV  
  41  3:42  Supply Depot, Hellion  
  44  3:51  SCV  
  44  3:53  SCV  
  44  3:55  Barracks  
  46  4:00  Refinery  
  44  4:03  SCV  
  44  4:05  Barracks Reactor  
  43  4:13  SCV  
  43  4:15  SCV  
  43  4:16  Viking  
  43  4:25  SCV  
  43  4:27  Cyclone  
  43  4:28  SCV  
  48  4:37  SCV  
  49  4:40  SCV  
  50  4:49  SCV  
  50  4:52  SCV  
  48  4:53  Marine x2  
  44  5:01  SCV  
  44  5:02  Barracks Tech Lab  
  44  5:03  Supply Depot  
  44  5:04  SCV  
  44  5:05  Barracks, Starport Reactor  
  44  5:08  Cyclone  
  44  5:13  SCV  
  46  5:16  SCV  
  46  5:17  Bunker  
  46  5:20  Stimpack  
  46  5:21  Marine x2  
  48  5:23  Marine  
  48  5:25  SCV  
  48  5:28  SCV  
  52  5:31  Refinery  
  52  5:37  SCV  
  52  5:38  Marine  
  52  5:39  Marine  
  52  5:40  SCV  
  52  5:41  Marine  
  51  5:49  SCV  
  52  5:50  Siege Tank, Medivac  
  52  5:52  SCV  
  52  5:54  Barracks  
  52  5:56  Marine  
  59  5:57  Marine  
  59  5:59  Marine, Barracks Tech Lab  
  59  6:01  SCV  
  62  6:05  Supply Depot  
  62  6:06  Supply Depot  
  62  6:10  Barracks  
  62  6:12  SCV  
  62  6:13  SCV  
  62  6:14  Marine  
  62  6:15  Marine  
  62  6:17  Combat Shield, Marine  
  67  6:19  Marauder  
  70  6:27  Medivac  
  70  6:29  Supply Depot  
  70  6:32  Marine  
  72  6:33  Marine  
  72  6:35  Siege Tank, Marine  
  72  6:38  Supply Depot  
  72  6:39  Marine  
  77  6:41  Marine  
  79  6:47  Medivac  
  79  6:50  Marine x2  
  79  6:52  Marine  
  84  6:57  Marine  
  84  6:59  Marine x2  
  84  7:00  Medivac  
  89  7:08  Marine x2  
  90  7:10  Marine  
  90  7:15  Marine  
  92  7:16  Marine  
  92  7:17  Marine  
  92  7:18  Siege Tank  
  96  7:25  Marine  
  96  7:26  Marine  
  96  7:28  Marine  
  97  7:33  Marine  
  97  7:34  Marine  
  97  7:35  Marine  
  97  7:43  Marine  
  97  7:44  Marine  
  96  7:46  Marine  
  96  7:48  Medivac  
  96  7:51  Marine  
  101  7:52  Marine  
  102  7:59  Marine  
  102  8:01  Marine  
  102  8:02  Marine  
  102  8:03  Siege Tank  
  102  8:04  Marine  
  99  8:07  Liberator  
  99  8:08  Marine  
  99  8:10  Marine  
  73  8:16  Marine  
  73  8:19  Marine x2  
  66  8:21  Marine  
  66  8:23  Liberator  
  66  8:26  Marine  
  65  8:28  Marine  
  66  8:34  Marine  
  66  8:37  Marine x2  
  66  8:39  Marine  
  73  8:44  Marine  
  73  8:46  Marine  
  75  8:49  SCV  
  75  8:52  Marine  
  75  8:54  Marine  
  75  8:55  Marine  
  78  8:57  Marine  
  78  9:02  Marine  
  81  9:03  Marine  
  82  9:10  Marine  
  82  9:12  Marine  
  82  9:13  Marine  
  82  9:15  Marine  
  86  9:20  Marine  
  86  9:21  Marine  
Tags
 
Add a new tag
Caveats
  • Supply blocks, unpowered buildings, or Contaminate may cause inaccurate times.
  • Supply counts are checked every 10 seconds.